 Dungeon Sprint DCSS version 0.21-a0-270-g8204059 (webtiles) character file.

0 potatolord6000 the Skirmisher (level 1, 0/18 HPs)
             Began as a Mummy Fighter on Sept 13, 2017.
             Was an Initiate of Kikubaaqudgha.
             Slain by a tarantella (6 damage)
             ... in the Dungeon (Sprint V: "Ziggurat Sprint").
             The game lasted 00:01:21 (103 turns).

potatolord6000 the Skirmisher (Mummy Fighter)        Turns: 103, Time: 00:01:22

Health: 0/18       AC: 20    Str: 31    XL:     1   Next: 0%
Magic:  1/1        EV: -2    Int:  7    God:    Kikubaaqudgha [......]
Gold:   0          SH:  0    Dex: 11    Spells: 0/0 levels left

rFire    x . .     SeeInvis .   f - +9 sword of Zonguldrok {reap}
rCold    + . .     Gourm    .   e - +18 shield of the Gong {rElec rN+ MR+ EV-5}
rNeg     + + +     Faith    .   m - +5 crystal plate armour
rPois    ∞         Spirit   .   (no helmet)
rElec    +         Reflect  .   (no cloak)
rCorr    .         Harm     .   (no gloves)
MR       +....     NoTele   +   (no boots)
Stlth    ..........             (no amulet)
HPRegen  0.06/turn              i - +6 ring of strength
MPRegen  0.07/turn              j - +6 ring of strength

@: confused
A: no food or potions, fire vulnerability, cold resistance 1, negative energy
resistance 3, torment resistance, unbreathing
a: Renounce Religion


You were in the Dungeon.
You worshipped Kikubaaqudgha.
Kikubaaqudgha was noncommittal.
You were not hungry.

You visited 1 branch

Inventory:

Hand Weapons
 f - the +9 sword of Zonguldrok (weapon) {reap}
   (You found it in the Dungeon)

   If a monster killed with it leaves a corpse in good enough shape, the corpse
   will be animated as a zombie friendly to the killer.
Armour
 e - the +18 shield of the Gong (worn) {rElec rN+ MR+ EV-5}
   (You found it in the Dungeon)

   It affects your evasion (-5).
   It insulates you from electricity.
   It protects you from negative energy.
   It affects your resistance to hostile enchantments.
 m - a +5 crystal plate armour (worn)
Jewellery
 i - a +6 ring of strength (left hand)
 j - a +6 ring of strength (right hand)
Scrolls
 a - 4 scrolls of amnesia
 c - 3 scrolls of recharging
 d - 4 scrolls of blinking
 g - 7 scrolls of fog
 h - 5 scrolls of identify
 k - 5 scrolls of remove curse
 l - 2 scrolls of fear


   Skills:
 + Level 3.0 Fighting
 + Level 1.5 Long Blades
 + Level 2.4 Armour
 + Level 2.4 Shields


You couldn't memorise any spells.
You didn't know any spells.

Dungeon Overview and Level Annotations

Branches:
Dungeon (1/1)

Altars:
Ashenzari
Cheibriados
Dithmenos
Elyvilon
Fedhas
Gozag
Hepliaklqana
Kikubaaqudgha
Makhleb
Nemelex Xobeh
Okawaru
Qazlal
Ru
Sif Muna
Trog
Uskayaw
Vehumet
Wu Jian
Xom
Yredelemnul
Zin
The Shining One
Beogh
Jiyva
Lugonu

Annotations:
D 1 transporter


Innate Abilities, Weirdness & Mutations

You do not eat or drink.
Your flesh is vulnerable to fire.
You are immune to poison.
Your flesh is cold resistant. (rC+)
You are immune to negative energy. (rN+++)
You are immune to unholy pain and torment.
You can survive without breathing.


Message History

The tarantella hisses angrily.
Found a +1 dagger of venom and a lamp of fire.
Found a transporter.
You can't drink.
Okay, then.
You block the tarantella's attack.
BOUMMMMG!
Your crystal plate armour prevents you from hitting the tarantella.
You block the tarantella's attack.
SHROANNG!
You block the scorpion's attack.
GONNNNG!
The tarantella bites you!
You are confused.
The scorpion stings you.
You closely miss the tarantella.
The tarantella bites you but does no damage.
The tarantella bites you.
You die...
Kikubaaqudgha rasps: "You have failed me!
Welcome... oblivion!"

▓▓▓▓▓▓▓
▓.8©8.▓
▓.....▓
▓.}.).▓
▓.....▓
▓..ss.▓
▓..@..▓
▓▓▓▓▓▓▓


You could see a tarantella and a scorpion.

Vanquished Creatures (others)
  2 spatial maelstroms (D)
2 creatures vanquished.

Notes
Turn   | Place    | Note
-------+----------+-------------------------------------------
     0 | D        | Found the +6 Majin-Bo {vamp, Archmagi MP+6 Int+6}
     0 | D        | Found the +7 great mace "Firestarter" {inner flame, rF++}
     0 | D        | potatolord6000 the Mummy Fighter began the quest for the Orb.
     0 | D        | Reached XP level 1. HP: 18/18 MP: 1/1
     0 | D        | Found a blossoming altar of Fedhas.
     1 | D        | Found a transporter.
     1 | D        | Found a viscous altar of Jiyva.
     1 | D        | Found an ancient bone altar of Kikubaaqudgha.
     1 | D        | Found a hazy altar of Hepliaklqana.
     1 | D        | Found a corrupted altar of Lugonu.
     1 | D        | Found an opulent altar of Gozag.
     1 | D        | Found a burning altar of Makhleb.
     5 | D        | Found a stormy altar of Qazlal.
     5 | D        | Found an iron altar of Okawaru.
     5 | D        | Found a sacrificial altar of Ru.
     5 | D        | Found a sparkling altar of Nemelex Xobeh.
     5 | D        | Found a deep blue altar of Sif Muna.
     5 | D        | Found a bloodstained altar of Trog.
    11 | D        | Found the +9 heavy crossbow "Sniper" {velocity, Acc+∞ SInv}
    11 | D        | Found the +10 dark maul {crush}
    11 | D        | Found the +15 Maxwell's patent armour {-Cast -Tele rElec MR+ rCorr}
    11 | D        | Found the +18 shield of the Gong {rElec rN+ MR+ EV-5}
    11 | D        | Found the cursed +14 obsidian axe {chop, +Fly SInv *Curse}
    12 | D        | Found the +6 shillelagh "Devastator" {shatter}
    12 | D        | Found the +11 plutonium sword {*Contam Stlth-}
    12 | D        | Found the +8 lance "Wyrmbane" {slay drac, rPois rF+ rC+ AC+3}
    12 | D        | Found the +9 sword of Zonguldrok {reap}
    12 | D        | Found the cursed +13 scythe of Curses {drain, *Curse}
    12 | D        | Found the +0 sword of Power
    12 | D        | Found the +12 mace of Variability {chaos}
    12 | D        | Found the +7 Singing Sword
    12 | D        | Found the +7 longbow "Piercer" {penet, EV-2}
    20 | D        | Became a worshipper of Kikubaaqudgha
    20 | D        | Banished a spatial maelstrom
    31 | D        | Banished a spatial maelstrom
   100 | D        | Entered arena 2.
   100 | D        | Noticed a tarantella
   100 | D        | Noticed a scorpion
   100 | D        | Found a transporter.
   103 | D        | Slain by a tarantella

Vault maps used:
D:        sprint_v

Action                   || total
-------------------------++-------
Melee: Double sword      ||     2
Armor: Crystal plate arm ||     1
Block: Shield            ||     3

Table legend:
 A = Spawn XP
 B = Non-spawn XP
 C = Spawn XP percentage of total XP
 D = Spawn monster count
 E = Non-spawn monster count
 F = Spawn count percentage of total count
 G = Total turns spent on level
                    A         B        C        D         E        F      G
               +---------+---------+-------+---------+---------+-------+---------
         Total |       0 |       0 |   N/A |       0 |       0 |   N/A |   103
               +---------+---------+-------+---------+---------+-------+---------
               +---------+---------+-------+---------+---------+-------+---------
